 Dungeon Crawl Stone Soup version 0.22-a0-373-gab1296c (webtiles) character file.

44471 Amnesiac the Slinger (level 13, -11/96 HPs)
             Began as a Mummy Fighter on Apr 25, 2018.
             Was a High Priest of Okawaru.
             Killed from afar by Frances (29 damage)
             ... with a shard of ice
             ... on level 14 of the Dungeon.
             The game lasted 00:45:03 (22834 turns).

Amnesiac the Slinger (Mummy Fighter)               Turns: 22834, Time: 00:45:04

Health: -11/96     AC: 29    Str: 27    XL:     13   Next: 96%
Magic:  19/19      EV: 19    Int: 14    God:    Okawaru [*****.]
Gold:   1770       SH: 13    Dex: 21    Spells: 4/12 levels left

rFire    + . .     SeeInvis .   a - +8 hunting sling of Grandeur {venom, Dex+6}
rCold    + . .     Gourm    .   r - +1 shield {AC+3}
rNeg     + + +     Faith    .   w - +8 chain mail "Lac Pit" {Int+3}
rPois    ∞         Spirit   .   O - +0 hat {Int+3}
rElec    .         Reflect  .   S - +2 cloak {MR+}
rCorr    .         Harm     .   f - +2 pair of gloves
MR       ++...                  u - +0 pair of boots
Stlth    ..........             j - amulet of Fofei {RegenMP rF+ Str+4 Dex+3}
HPRegen  0.26/turn              G - ring of protection from fire
MPRegen  0.41/turn              P - +6 ring of evasion

@: no status effects
A: no food or potions, fire vulnerability, cold resistance 1, negative energy
resistance 3, torment resistance, unbreathing, in touch with death 1
a: Heroism, Finesse, Renounce Religion


You were on level 14 of the Dungeon.
You worshipped Okawaru.
Okawaru was extremely pleased with you.
You were not hungry.

You visited 3 branches of the dungeon, and saw 17 of its levels.
You also visited: Labyrinth and Ossuary.

You collected 2012 gold pieces.
You spent 242 gold pieces at shops.

Inventory:

Hand Weapons
 a - the +8 hunting sling of Grandeur (weapon) {venom, Dex+6}
   (Okawaru gifted it to you on level 12 of the Dungeon)

   It poisons the ammo it fires.
   It affects your dexterity (+6).
 b - a +0 scimitar of electrocution
 o - a +0 blowgun
 D - a +9 hunting sling of venom
Missiles
 e - 186 stones (quivered)
 n - 314 arrows
 p - 60 poisoned needles
 R - 16 steel javelins
Armour
 f - a +2 pair of gloves (worn)
 r - a +1 shield of protection (worn)
 u - a +0 pair of boots (worn)
 w - the +8 chain mail "Lac Pit" (worn) {Int+3}
   (You found it on level 13 of the Dungeon)

   It affects your intelligence (+3).
 K - the +4 leather armour of Ittaiw {rElec rF- rN++ Int+9}
   (You found it on level 9 of the Dungeon)

   It affects your intelligence (+9).
   It makes you vulnerable to fire.
   It insulates you from electricity.
   It greatly protects you from negative energy.
 O - a +0 hat of intelligence (worn)
 S - a +2 cloak of magic resistance (worn)
Jewellery
 j - the amulet of Fofei (around neck) {RegenMP rF+ Str+4 Dex+3}
   (You bought it in a shop on level 5 of the Dungeon)

   [amulet of magic regeneration]

   It increases your magic regeneration.
   It affects your strength (+4).
   It affects your dexterity (+3).
   It protects you from fire.
 s - an uncursed ring of protection from fire
 G - a ring of protection from fire (left hand)
 P - a +6 ring of evasion (right hand)
Wands
 h - a wand of polymorph (32)
 l - a wand of iceblast (11)
 B - a wand of paralysis (10)
 F - a wand of flame (31)
Scrolls
 d - 3 scrolls of vulnerability {!r}
 g - a scroll of brand weapon {!r}
 i - 4 scrolls of fog {!r}
 k - 2 scrolls of immolation {!r}
 m - 9 scrolls of teleportation {!r}
 q - 7 scrolls of identify {!r}
 t - 5 scrolls of magic mapping {!r}
 v - a scroll of fear {!r}
 x - 4 scrolls of remove curse {!r}
 y - a scroll of amnesia {!r}
 z - 3 scrolls of blinking {!r}
 A - 2 scrolls of enchant weapon {!r}
 C - 3 scrolls of enchant armour {!r}
 I - a scroll of noise {!r}
Miscellaneous
 M - a lightning rod (4/4)


   Skills:
 - Level 7.5 Fighting
 - Level 2.4 Long Blades
 + Level 13.1 Slings
   Level 2.0 Bows
 - Level 7.5 Armour
 - Level 7.5 Dodging
 - Level 7.5 Shields
 - Level 8.0 Invocations


You had 4 spell levels left.
You knew the following spells:

 Your Spells              Type           Power        Failure   Level  Hunger
a - Animate Skeleton      Necr           N/A          98%         1    N/A
b - Apportation           Tloc           #.....       98%         1    N/A
c - Summon Small Mammal   Summ           #...         98%         1    N/A
d - Passwall              Tmut/Erth      #.........   99%         2    N/A
v - Blink                 Tloc           N/A          99%         2    N/A
z - Confusing Touch       Hex            #.....       98%         1    N/A

Dungeon Overview and Level Annotations

Branches:
Dungeon (14/15)            Temple (1/1) D:4            Lair (0/6) D:11
    Orc (2/2) D:11            Elf (0/3) Orc:2
 Vaults: D:13-14

Altars:
Ashenzari
Dithmenos
Elyvilon
Fedhas
Gozag
Hepliaklqana
Kikubaaqudgha
Makhleb
Nemelex Xobeh
Okawaru
Qazlal
Ru
Sif Muna
Trog
Uskayaw
Vehumet
Wu Jian
Xom
Zin

Shops:
D:5 *   D:11 }   Orc:2 (:[*}[

Annotations:
D:14 Frances


Innate Abilities, Weirdness & Mutations

You do not eat or drink.
Your flesh is vulnerable to fire.
You are immune to poison.
Your flesh is cold resistant. (rC+)
You are immune to negative energy. (rN+++)
You are immune to unholy pain and torment.
You can survive without breathing.
You are in touch with the powers of death.


Message History

Frances is heavily wounded.
Frances says, "I speak the language of demons!"
Frances barely misses you.
Firing (i - inventory. (/) - cycle)
e - 194 stones (quivered)
Press: ? - help, Shift-Dir - straight line, f/p - Frances
Aim: Frances, wielding a battleaxe and wearing a scale mail (heavily wounded, fast, poisoned)
You shoot a stone. The stone hits Frances!
Frances is severely wounded.
Firing (i - inventory. (/) - cycle)
e - 193 stones (quivered)
Press: ? - help, Shift-Dir - straight line, f/p - Frances
Aim: Frances, wielding a battleaxe and wearing a scale mail (severely wounded, fast, poisoned)
You shoot a stone. The stone hits Frances!
Frances looks as sick as possible!
Frances is severely wounded.
You block Frances's attack.
Firing (i - inventory. (/) - cycle)
e - 192 stones (quivered)
Press: ? - help, Shift-Dir - straight line, f/p - Frances
Aim: Frances, wielding a battleaxe and wearing a scale mail (severely wounded, fast, poisoned)
You shoot a stone. The stone barely misses Frances.
The stone hits the smoke demon.
The smoke demon is heavily wounded.
You block Frances's attack.
Firing (i - inventory. (/) - cycle)
e - 191 stones (quivered)
Press: ? - help, Shift-Dir - straight line, f/p - Frances
Aim: Frances, wielding a battleaxe and wearing a scale mail (severely wounded, fast, poisoned)
You shoot a stone. The stone closely misses Frances.
The stone hits the smoke demon!
The smoke demon is poisoned.
The smoke demon is severely wounded.
Frances hits you with a battleaxe.
Firing (i - inventory. (/) - cycle)
e - 190 stones (quivered)
Press: ? - help, Shift-Dir - straight line, f/p - Frances
Aim: Frances, wielding a battleaxe and wearing a scale mail (severely wounded, fast, poisoned)
You shoot a stone.
The stone hits Frances but does no damage.
Frances looks as sick as possible!
Frances is severely wounded.
The smoke demon gestures at you. Something smites you!
Firing (i - inventory. (/) - cycle)
e - 189 stones (quivered)
Press: ? - help, Shift-Dir - straight line, f/p - Frances
Aim: Frances, wielding a battleaxe and wearing a scale mail (severely wounded, fast, poisoned)
You shoot a stone. The stone barely misses Frances.
The stone hits the smoke demon but does no damage.
The smoke demon looks as sick as possible!
The smoke demon is severely wounded.
Frances whispers indecipherable words.
The iron shot hits you!
* * * LOW HITPOINT WARNING * * *
Firing (i - inventory. (/) - cycle)
e - 188 stones (quivered)
Press: ? - help, Shift-Dir - straight line, f/p - Frances
Aim: Frances, wielding a battleaxe and wearing a scale mail (severely wounded, fast, poisoned)
You shoot a stone. The stone hits Frances.
Frances is severely wounded.
Frances hits you but does no damage.
Firing (i - inventory. (/) - cycle)
e - 187 stones (quivered)
Press: ? - help, Shift-Dir - straight line, f/p - Frances
Aim: Frances, wielding a battleaxe and wearing a scale mail (almost dead, fast, poisoned)
You shoot a stone. The stone hits Frances!!
Frances is almost dead.
The smoke demon gestures at you. Something smites you!
* * * LOW HITPOINT WARNING * * *
Frances whispers indecipherable words.
The shard of ice hits you! You partially resist.
You die...

#...../.....#
#.....(..(..#
+#.......(...#
.......3(....###
.......(........
.......(.........
......K3h.h.....#
#######@##......#
#########...@.#......#
#.......#.....#.?....
#.......#...(.# .....
#...♣...#.....' .....
#..♣♣♣.†[.....#. ....
#...♣...#.....#..
#.......#.....# ..
#.......#<....+ ...
#########.....#


You could see Frances, a sixfirhy, a smoke demon, a hound and a kobold.

Vanquished Creatures
  Donald (Orc:2)
  An orc warlord (Orc:2)
  A minotaur (Lab)
  Erolcha (Orc:2)
  2 hydras (D:12)
  A tengu warrior (D:14)
  3 orc high priests (Orc:2)
  Nergalle (D:12)
  5 skeletal warriors
  4 unseen horrors
  Pikel (D:6)
  4 orc knights
  A cyclops (Orc:2)
  4 orc sorcerers (Orc:2)
  3 ugly things
  Joseph (D:8)
  Psyche (D:11)
  5 gargoyles
  3 kobold demonologists (D:13)
  2 komodo dragons
  7 trolls
  20 slime creatures
  A hornet (D:12)
  Grinder (D:2)
  A hippogriff (D:13)
  Prince Ribbit (D:9)
  2 redbacks (Lab)
  Sigmund (D:3)
  A shadow (D:14)
  The ghost of RoseArtemis the Ruffian, an amateur TrFi of the Shining One (D:3)
  4 yaks
  2 wyverns
  A basilisk (D:11)
  2 hungry ghosts
  Grum (D:8)
  2 steam dragons (D:10)
  2 wargs (Orc:1)
  2 water moccasins
  5 porcupines (D:11)
  An acid dragon (D:11)
  36 orc warriors
  6 ice beasts
  2 phantoms
  A necrophage (D:9)
  8 ogres
  4 black bears
  3 sky beasts
  4 slaves (D:6)
  4 centaurs
  4 wolves
  5 crocodiles
  3 big kobolds
  A bullfrog (D:7)
  A gnoll sergeant (D:11)
  An earth elemental (Lab)
  A wyvern skeleton (D:10)
  11 scorpions
  31 killer bees
  5 wights (D:9)
  2 howler monkeys
  4 centaur zombies
  7 crimson imps
  2 human zombies (Ossuary)
  32 orc priests
  2 centaur skeletons
  8 hounds
  7 jellies
  32 orc wizards
  Crazy Yiuf (D:3)
  4 bullfrog skeletons
  3 iguanas
  Natasha (thrice) (D:4)
  11 worker ants
  A killer bee zombie (D:7)
  3 big kobold zombies (Ossuary)
  3 mummies (Ossuary)
  A howler monkey skeleton (D:6)
  11 adders
  8 gnolls
  3 scorpion zombies (Ossuary)
  5 oozes (D:8)
  An adder zombie (D:6)
  An adder skeleton (D:9)
  3 worms
  2 dart slugs (D:2)
  3 leopard geckos
  103 orcs
  10 bats
  10 giant cockroaches
  3 gnoll zombies (Ossuary)
  5 hobgoblins
  9 jackals
  16 kobolds
  9 quokkas
  3 ball pythons
  6 frilled lizards
  5 goblins
  5 goblin zombies (Ossuary)
  2 hobgoblin zombies
  2 kobold zombies (Ossuary)
  3 leopard gecko skeletons
  An orc zombie (D:5)
  8 rats
  A rat zombie (D:5)
598 creatures vanquished.

Vanquished Creatures (others)
  An orc wizard (D:10)
  A kobold zombie (Ossuary)
2 creatures vanquished.

Grand Total: 600 creatures vanquished

Notes
Turn   | Place    | Note
-------+----------+-------------------------------------------
     0 | D:1      | Amnesiac the Mummy Fighter began the quest for the Orb.
     0 | D:1      | Reached XP level 1. HP: 18/18 MP: 1/1
   444 | D:2      | Reached XP level 2. HP: 13/24 MP: 2/2
   516 | D:2      | Reached skill level 1 in Dodging
   789 | D:2      | Reached XP level 3. HP: 20/29 MP: 3/3
  1194 | D:2      | Noticed a scorpion
  2006 | D:3      | Noticed Sigmund
  2031 | D:3      | Noticed RoseArtemis's ghost (amateur TrFi)
  2125 | D:3      | Reached XP level 4. HP: 19/35 MP: 4/4
  2221 | D:3      | Noticed Grinder
  2221 | D:3      | Paralysed by Grinder for 6 turns
  2236 | D:3      | Paralysed by Grinder for 7 turns
  2246 | D:3      | Paralysed by Grinder for 2 turns
  2252 | D:3      | Paralysed by Grinder for 3 turns
  3352 | D:3      | Found a blossoming altar of Fedhas.
  3537 | D:4      | Noticed Natasha
  3578 | D:4      | Reached XP level 5. HP: 6/41 MP: 5/5
  3950 | D:3      | Found a runed door.
  4066 | D:3      | Found a hide-covered altar of Uskayaw.
  4465 | D:3      | Noticed Crazy Yiuf
  4469 | D:3      | Killed Crazy Yiuf
  4568 | D:4      | Reached XP level 6. HP: 47/47 MP: 6/6
  4746 | D:4      | Killed Natasha
  4816 | D:4      | Noticed Natasha
  4822 | D:4      | Killed Natasha
  5329 | D:4      | Found a staircase to the Ecumenical Temple.
  5339 | Temple   | Entered the Ecumenical Temple
  5347 | Temple   | Became a worshipper of Warmaster Okawaru
  5396 | D:4      | Noticed Natasha
  5401 | D:4      | Killed Natasha
  5803 | D:5      | Entered Level 5 of the Dungeon
  5829 | D:5      | Reached XP level 7. HP: 53/54 MP: 7/7
  5860 | D:5      | Found Muiluma's Assorted Antiques.
  5863 | D:5      | Bought a scroll labeled XITSUDW CEUVI for 22 gold pieces
  5863 | D:5      | Bought a coiled pewter amulet for 110 gold pieces
  5863 | D:5      | Identified the amulet of Fofei {RegenMP rF+ Str+4 Dex+3} (You bought it in a shop on level 5 of the Dungeon)
  5902 | D:5      | Reached skill level 1 in Invocations
  5904 | D:5      | Found a sand-covered staircase.
  5938 | Ossuary  | Entered an ossuary
  6277 | Ossuary  | Reached * piety under Okawaru
  6466 | Ossuary  | Reached XP level 8. HP: 60/60 MP: 11/11
  6718 | D:5      | Found a sacrificial altar of Ru.
  6858 | D:5      | Reached ** piety under Okawaru
  6958 | D:5      | Found a white marble altar of Elyvilon.
  7258 | D:6      | Reached skill level 5 in Armour
  7258 | D:6      | Reached skill level 5 in Dodging
  7315 | D:6      | Noticed Pikel
  7348 | D:6      | Killed Pikel
  7348 | D:6      | Reached *** piety under Okawaru
  7348 | D:6      | Reached skill level 5 in Fighting
  7348 | D:6      | Reached skill level 5 in Invocations
  7348 | D:6      | Reached XP level 9. HP: 33/68 MP: 12/12
  7379 | D:5      | Bought a brass ring for 110 gold pieces
  8501 | D:2      | Killed Grinder
  8883 | D:3      | Killed Sigmund
  9548 | D:3      | Killed RoseArtemis's ghost
  9566 | D:3      | Found a blossoming altar of Fedhas.
  9715 | D:3      | Found a hide-covered altar of Uskayaw.
  9957 | D:6      | Learned a level 1 spell: Animate Skeleton
  9962 | D:6      | Learned a level 1 spell: Apportation
  9964 | D:6      | Learned a level 1 spell: Confusing Touch
  9966 | D:6      | Learned a level 1 spell: Summon Small Mammal
 10054 | D:6      | Learned a level 2 spell: Passwall
 10278 | D:7      | Reached **** piety under Okawaru
 10284 | D:7      | Identified the Collected Works on Spatial Moulding
 10515 | D:7      | Found a shadowy altar of Dithmenos.
 11391 | D:8      | Reached XP level 10. HP: 41/76 MP: 14/14
 11677 | D:8      | Learned a level 2 spell: Blink
 12153 | D:8      | Noticed Grum
 12168 | D:8      | Killed Grum
 12401 | D:8      | Found an ornate altar of the Wu Jian Council.
 12415 | D:8      | Noticed Joseph
 12449 | D:8      | Reached skill level 1 in Bows
 12469 | D:8      | Killed Joseph
 12609 | D:8      | Got a translucent halberd
 12680 | D:8      | Reached skill level 1 in Slings
 12794 | D:8      | Reached ***** piety under Okawaru
 12847 | D:8      | Reached skill level 2 in Slings
 13072 | D:9      | Noticed Prince Ribbit
 13072 | D:9      | Reached skill level 3 in Slings
 13091 | D:9      | Killed Prince Ribbit
 13171 | D:9      | Reached skill level 4 in Slings
 13252 | D:9      | Got a fine leather armour
 13664 | D:9      | Reached skill level 5 in Slings
 13778 | D:9      | Received a gift from Okawaru
 14085 | D:10     | Entered Level 10 of the Dungeon
 14199 | D:10     | Killed an unseen horror
 14199 | D:10     | Reached skill level 6 in Slings
 14199 | D:10     | Reached XP level 11. HP: 56/82 MP: 12/15
 14284 | D:10     | Killed an unseen horror
 14284 | D:10     | Received a gift from Okawaru
 14300 | D:10     | Reached skill level 7 in Slings
 14327 | D:10     | Identified the +4 leather armour of Ittaiw {rElec rF- rN++ Int+9} (You found it on level 9 of the Dungeon)
 14765 | D:10     | Received a gift from Okawaru
 15054 | D:11     | Noticed a brown ugly thing
 15054 | D:11     | Noticed a cyan ugly thing
 15077 | D:10     | Killed a white ugly thing
 15077 | D:10     | Reached skill level 8 in Slings
 15079 | D:10     | Killed a cyan ugly thing
 15301 | D:11     | HP: 4/82 [yak (11)]
 15824 | D:11     | Reached skill level 9 in Slings
 15847 | D:11     | Noticed Psyche
 15861 | D:11     | Killed Psyche
 15931 | D:11     | Found a staircase to the Orcish Mines.
 16260 | D:11     | Found a staircase to the Lair.
 16392 | D:11     | Killed an unseen horror
 16429 | D:11     | Found Mesm's Gadget Emporium.
 16640 | Orc:1    | Entered Level 1 of the Orcish Mines
 16648 | Orc:1    | Noticed an orc knight
 16676 | D:11     | Killed an orc knight
 16875 | Orc:1    | Reached XP level 12. HP: 89/89 MP: 18/18
 17259 | Orc:2    | Entered Level 2 of the Orcish Mines
 17259 | Orc:2    | Found Bucea's Gadget Boutique.
 17259 | Orc:2    | Found a staircase to the Elven Halls.
 17391 | Orc:2    | Noticed Erolcha
 17418 | Orc:2    | Killed Erolcha
 17418 | Orc:2    | Reached skill level 10 in Slings
 17425 | Orc:2    | Noticed an orc high priest
 17430 | Orc:2    | Noticed an orc high priest
 17443 | Orc:2    | Killed an orc high priest
 17623 | Orc:2    | Killed an orc high priest
 17623 | Orc:2    | Received a gift from Okawaru
 17665 | Orc:2    | Noticed an orc high priest
 17673 | Orc:2    | Killed an orc high priest
 17700 | Orc:2    | Received a gift from Okawaru
 17701 | Orc:2    | Got a warped robe {god gift}
 17717 | Orc:2    | Identified the +2 robe of Tomorrow {Dex+6} (Okawaru gifted it to you on level 2 of the Orcish Mines)
 17767 | Orc:2    | Reached skill level 11 in Slings
 18550 | Orc:2    | Reached skill level 12 in Slings
 18562 | Orc:2    | Noticed an orc warlord
 18678 | Orc:2    | Killed an orc warlord
 18802 | Orc:2    | Noticed Donald
 18984 | Orc:2    | Killed Donald
 19181 | Orc:2    | Gained mutation: You are in touch with the powers of death. [Mummy growth]
 19181 | Orc:2    | Reached XP level 13. HP: 95/95 MP: 19/19
 19434 | Orc:2    | Found Erghon's Armour Emporium.
 19533 | Orc:2    | Found Otysiqawn's Antique Armour Emporium.
 19534 | Orc:2    | Found Esytatol's Antique Weapon Shoppe.
 19535 | Orc:2    | Found Patad's General Store.
 19535 | Orc:2    | Found Itaux's Book Emporium.
 19713 | D:12     | Received a gift from Okawaru
 19963 | D:12     | Noticed Nergalle
 19970 | D:12     | Killed Nergalle
 19970 | D:12     | Reached skill level 5 in Shields
 19993 | D:12     | Received a gift from Okawaru
 19994 | D:12     | Got a twisted hunting sling {god gift}
 19995 | D:12     | Identified the +8 hunting sling of Grandeur {venom, Dex+6} (Okawaru gifted it to you on level 12 of the Dungeon)
 20321 | D:12     | Got an iridescent halberd
 21417 | D:12     | Received a gift from Okawaru
 21523 | D:13     | Found a labyrinth entrance.
 21544 | Lab      | Entered a labyrinth
 21791 | Lab      | Noticed a minotaur
 21809 | Lab      | Killed a minotaur
 21836 | Lab      | Identified the Volume of Fascination
 22004 | D:13     | Received a gift from Okawaru
 22203 | D:13     | Noticed Maurice
 22236 | D:13     | Got a steaming chain mail
 22271 | D:13     | Identified the +8 chain mail "Lac Pit" {Int+3} (You found it on level 13 of the Dungeon)
 22497 | D:13     | Reached skill level 13 in Slings
 22802 | D:14     | Noticed Frances
 22834 | D:14     | Killed from afar by Frances

Vault maps used:
D:1:      mrwooster_arrival_arrow
D:2:      kennysheep_six_static_rooms, first_ration
D:3:      grunt_temple_overflow_open, uniq_crazy_yiuf_cottage, uniq_grinder,
          uniq_sigmund
D:4:      minmay_temple_entry_glassed_door, uniq_natasha
D:5:      lemuel_round_altar, nicolae_ru_great_annihilating_truth, serial_shops,
          kennysheep_mini_moat, enter_ossuary_3, serial_bayou_pond_a,
          lemuel_flame_loot_1
D:6:      uniq_pikel
D:7:      nicolae_dithmenos_the_darkroom, minmay_misc_feat_secret_circle
D:8:      lemuel_crystal_altar, hangedman_abyss_or_decor_stagger,
          hangedman_little_slice_of_home, uniq_grum, uniq_joseph
D:9:      uniq_prince_ribbit1
D:10:     cheibrodos_steamvent, minivault_22
D:11:     minmay_lair_entry_grove, orc_0_dummy, serial_shops, shop_statue,
          uniq_psyche
D:12:     minmay_misc_feat_pillars, uniq_nergalle
D:13:     lab_entry_generic, minmay_strange_pillars, uniq_maurice
D:14:     fort_yaktaur, erik_vaults_1, spider_trap, grunt_decor_arrowhead,
          kennysheep_generic_room_8, uniq_frances, uniq_nessos
Temple:   nicolae_temple_x_marks_the_god
Orc:2:    st_orc_congregation, serial_shops, shop, shop, uniq_donald,
          uniq_erolcha
Lab:      nicolae_lab_dead_adventurers, labyrinth_skeletal_remains,
          labyrinth_glass_1, nicolae_lab_big_swirl, nicolae_lab_hexagon,
          nicolae_lab_flowing_pool, nicolae_lab_t_cross, labyrinth_lava_lair,
          nicolae_lab_starburst, nicolae_lab_quarters, lab_block
Ossuary:  ossuary_minmay_scorpions

Skill      XL: |  1  2  3  4  5  6  7  8  9 10 11 12 13 |
---------------+----------------------------------------+-----
Long Blades    | 2 |  2.4
Dodging        | 1 2 3 4 5 6 7 |  7.5
Armour         | 3 4 5 6 7 |  7.5
Fighting       | 4 5 6 7 |  7.5
Invocations    | 4 5 6 8 |  8.0
Bows           | 2 |  2.0
Slings         | 6 9 12 13 | 13.1
Shields        | 3 7 |  7.5

Action                   |  1- 3 |  4- 6 |  7- 9 | 10-12 | 13-15 || total
-------------------------+-------+-------+-------+-------+-------++-------
Melee: Long sword        |    93 |       |       |       |       ||    93
       Hunting sling     |       |       |       |     5 |       ||     5
 Fire: Hunting sling     |   111 |   313 |   661 |  1090 |   612 ||  2787
Invok: Heroism           |       |       |     3 |    14 |     1 ||    18
       Finesse           |       |       |       |     1 |     5 ||     6
Evoke: Wand              |       |       |     6 |     2 |       ||     8
       Lightning rod     |       |       |       |     8 |       ||     8
  Use: Scroll            |     6 |     7 |     3 |     9 |     3 ||    28
Armor: Scale mail        |    91 |   137 |       |       |       ||   228
       Ring mail         |       |     3 |   171 |   108 |    23 ||   305
       Leather armour    |       |       |       |    31 |       ||    31
       Robe              |       |       |       |     3 |       ||     3
       Chain mail        |       |       |       |       |    20 ||    20
Dodge: Dodged            |    63 |    96 |   215 |   216 |    87 ||   677
Block: Shield            |    93 |   107 |   233 |   228 |    94 ||   755
       Rpst.: Long sword |     6 |       |       |       |       ||     6

Table legend:
 A = Spawn XP
 B = Non-spawn XP
 C = Spawn XP percentage of total XP
 D = Spawn monster count
 E = Non-spawn monster count
 F = Spawn count percentage of total count
 G = Total turns spent on level
                    A         B        C        D         E        F      G
               +---------+---------+-------+---------+---------+-------+---------
         Total |       0 |   63530 |   0.0 |       0 |     595 |   0.0 | 22834
               +---------+---------+-------+---------+---------+-------+---------
           D:1 |       0 |       9 |   0.0 |       0 |       7 |   0.0 |   426
           D:2 |       0 |     429 |   0.0 |       0 |      36 |   0.0 |  2580
           D:3 |       0 |     619 |   0.0 |       0 |      35 |   0.0 |  3071
           D:4 |       0 |     461 |   0.0 |       0 |      31 |   0.0 |  1530
           D:5 |       0 |     590 |   0.0 |       0 |      21 |   0.0 |  1153
           D:6 |       0 |    1247 |   0.0 |       0 |      26 |   0.0 |   738
           D:7 |       0 |    1122 |   0.0 |       0 |      20 |   0.0 |  1248
           D:8 |       0 |    2589 |   0.0 |       0 |      47 |   0.0 |  1635
           D:9 |       0 |    2405 |   0.0 |       0 |      33 |   0.0 |  1218
          D:10 |       0 |    5997 |   0.0 |       0 |      42 |   0.0 |  1681
          D:11 |       0 |    4890 |   0.0 |       0 |      26 |   0.0 |   915
          D:12 |       0 |   14053 |   0.0 |       0 |      56 |   0.0 |  1601
          D:13 |       0 |    4545 |   0.0 |       0 |      31 |   0.0 |   868
          D:14 |       0 |    1478 |   0.0 |       0 |       5 |   0.0 |   109
         Orc:1 |       0 |    2474 |   0.0 |       0 |      37 |   0.0 |  1028
         Orc:2 |       0 |   16029 |   0.0 |       0 |     101 |   0.0 |  1957
           Lab |       0 |    3694 |   0.0 |       0 |       9 |   0.0 |   362
       Ossuary |       0 |     899 |   0.0 |       0 |      32 |   0.0 |   697
               +---------+---------+-------+---------+---------+-------+---------
